 Dungeon Crawl Stone Soup version 0.31.0-12-g77e489cdc1 (webtiles) character file.

Game seed: 7850780374910561105

169 Gadfly the Apothecary (level 5, 0/29 HPs)
             Began as a Deep Elf Alchemist on Feb 23, 2024.
             Slain by Grinder (7 damage)
             ... on level 3 of the Dungeon.
             The game lasted 00:03:41 (2161 turns).

Gadfly the Apothecary (Deep Elf Alchemist)          Turns: 2161, Time: 00:03:42

Health: 0/29       AC:  2    Str:  5    XL:     5   Next: 25%
Magic:  2/12       EV: 13    Int: 22    God:
Gold:   202        SH:  0    Dex: 15    Spells: 4/11 levels left

rFire   . . .        d - +0 mace
rCold   . . .        (no shield)
rNeg    . . .        a - +0 robe
rPois   .            (no helmet)
rElec   .            (no cloak)
rCorr   .            (no gloves)
SInv    .            (no boots)
Will    .....        (no amulet)
Stlth   ++           (no ring)
HPRegen 0.24/turn    (no ring)
MPRegen 0.13/turn

%: no passive effects
@: no status effects
A: no striking features
a: no special abilities


You were on level 3 of the Dungeon.
You visited 1 branch of the dungeon, and saw 3 of its levels.

You collected 202 gold pieces.

Inventory:

Hand Weapons
 d - a +0 mace (weapon)
Armour
 a - a +0 robe (worn)
Magical Staves
 c - a staff of cold
Scrolls
 h - a scroll of enchant weapon
Potions
 b - a potion of magic
 e - a potion of brilliance {unknown}
 f - a potion of invisibility {unknown}
 g - 2 potions of curing


   Skills:
 + Level 1.2 Fighting
 + Level 3.4 Dodging
 - Level 2.4 Stealth
 + Level 3.7 Spellcasting
 * Level 2.6 Conjurations
 * Level 1.3 Fire Magic
 + Level 3.8 Alchemy
 * Level 1.9 Evocations


You had 4 spell levels left.
You knew the following spells:

 Your Spells              Type           Power      Damage    Failure   Level
a - Sting                 Conj/Alch      72%        1d7       3%          1
b - Mercury Vapours       Alch/Air       24%        N/A       8%          2
c - Olgreb's Toxic Radia  Alch           21%        N/A       22%         4

Your spell library contained the following spells:

 Spells                   Type           Power      Damage    Failure   Level
 Magic Dart               Conj           60%        1d6       3%          1
 Mephitic Cloud           Conj/Alch/Air  13%        N/A       14%         3
 Blink                    Tloc           8%         N/A       17%         2
 Call Imp                 Summ           8%         N/A       17%         2
 Sticky Flame             Fire/Alch      15%        2d5       36%         4


Dungeon Overview and Level Annotations

Branches:
Dungeon (3/15)

Altars:

Annotations:
D:3 Grinder


Message History

Grinder gestures at you. Pain shoots through your body!
The sting hits Grinder.
Grinder partially resists.
Grinder is poisoned.
Grinder is lightly wounded.
Grinder gestures at you. Pain shoots through your body!
You are too injured to fight recklessly!
You are too injured to fight recklessly!
You are too injured to fight recklessly!
Casting: Sting (safe; 3% risk of failure)
Confirm with . or Enter, or press ? or * to list all spells.
Aiming: Sting (safe; 3% risk of failure)
Press: ? - help, Shift-Dir - straight line, f/p - Grinder
Aim: Grinder (lightly wounded, poisoned, 71% to hit)
The sting misses Grinder.
Casting: Sting (safe; 3% risk of failure)
Confirm with . or Enter, or press ? or * to list all spells.
Aiming: Sting (safe; 3% risk of failure)
Press: ? - help, Shift-Dir - straight line, f/p - Grinder
Aim: Grinder (lightly wounded, poisoned, 71% to hit)
The sting hits Grinder.
Grinder looks even sicker.
Grinder is lightly wounded.
Casting: Sting (safe; 3% risk of failure)
Confirm with . or Enter, or press ? or * to list all spells.
Aiming: Sting (safe; 3% risk of failure)
Press: ? - help, Shift-Dir - straight line, f/p - Grinder
Aim: Grinder (lightly wounded, very poisoned, 71% to hit)
The sting hits Grinder.
Grinder partially resists.
Grinder is lightly wounded.
You hit Grinder.
Grinder is moderately wounded.
Grinder gestures at you. Pain shoots through your body!
* * * LOW HITPOINT WARNING * * *
Unknown command.
You closely miss Grinder.
Grinder is moderately wounded.
Grinder barely misses you. Grinder hits you!
You die...
Grinder sighs, "Dead already?
I want a refund."

......##..[..#########...>.....
.......>.####...<..............
###.##<..###...............#..
###...............###.###
#####..........#....# #
#.÷).........#### ...#######
#........÷.###
#........#####.......)..#
#.####.........@.†....#..# #.#
##........5......##.#
.#.#####...)[.....))#### ##
.#....§.....#...#.###
....###r..###)###...
##.##.w.### #.# #.### #S...o###
##.# ... #..#### ##..##.#. #..#
#S.....#


You could see Grinder (very poisoned).

Vanquished Creatures
  An orc priest (D:3)
  An iguana (D:3)
  3 adders (D:2)
  2 dart slugs
  8 orcs (D:3)
  2 ball pythons
  5 bats
  5 endoplasms
  2 giant cockroaches
  13 goblins
  8 hobgoblins
  6 jackals
  3 kobolds
  4 quokkas
  3 frilled lizards
  2 rats (D:3)
68 creatures vanquished.

Notes
Turn   | Place    | Note
-------+----------+-------------------------------------------
     0 | D:1      | Gadfly the Deep Elf Alchemist began the quest for the Orb.
     0 | D:1      | Reached XP level 1. HP: 10/10 MP: 6/6
   224 | D:1      | Reached XP level 2. HP: 12/16 MP: 4/8
   581 | D:1      | Learned a level 2 spell: Mercury Vapours
   767 | D:2      | Reached XP level 3. HP: 20/20 MP: 6/9
   811 | D:2      | Reached skill level 1 in Evocations
  1207 | D:2      | Reached skill level 1 in Fighting
  1291 | D:2      | Reached XP level 4. HP: 25/25 MP: 9/11
  1296 | D:2      | Learned a level 4 spell: Olgreb's Toxic Radiance
  1868 | D:3      | Reached skill level 1 in Fire Magic
  1901 | D:3      | Reached XP level 5. HP: 29/29 MP: 7/12
  2010 | D:3      | Noticed Grinder
  2021 | D:3      | Paralysed by Grinder for 2 turns
  2161 | D:3      | Slain by Grinder

Illustrated notes

Levels and vault maps discovered:
D:1:      dpeg_arrival_arbitrary_c, layout_basic, minmay_tetromino_l2
D:2:      cheibrodos_greedy_goblins, layout_rooms
D:3:      layout_rooms, grunt_qazlal_clouds, gammafunk_temple_overflow_claw,
          mainiacjoe_overflow_divided_tiny, chequers_serial_rivers_large_a,
          amethyst_killhole, uniq_grinder, uniq_ijyb

Skill      XL: |  1  2  3  4 |
---------------+-------------+-----
Evocations     | 1 |  1.9
Dodging        | 3 |  3.4
Fighting       | 1 |  1.2
Conjurations   | 2 |  2.6
Fire Magic     | 1 |  1.3
Stealth        | |  2.4
Spellcasting   | |  3.7
Alchemy        | |  3.8

Action                     |  1- 3 |  4- 6 || total
---------------------------+-------+-------++-------
  Melee: Unarmed           |     2 |       ||     2
         Mace              |    27 |    28 ||    55
   Cast: Sting             |    64 |    66 ||   130
    Use: Scroll            |     6 |     2 ||     8
         Potion            |     1 |       ||     1
   Stab: Sleeping          |     1 |     1 ||     2
 Armour: Robe              |    47 |    32 ||    79
  Dodge: Dodged            |    69 |    46 ||   115
